PIO (24 & UNDER)
EAU CLAIRE ESQUIRES @ COLORADO COMMANDERS
09/27/2024
 
TOP OF THE 1ST
Eau Claire Esquires batting - Pitching for Colorado Commanders : RHP Manuel Zarate
Pitching: RHP Manuel Zarate
Batting: LHB John Frost 0-0: Hit by Pitch
Batting: LHB Manny Salazar 0-0: Fly out, F7 (Flyball, 78M)
Batting: LHB Edwin Ryan 0-0: Foul Ball, location: 2F
0-1: Ball
1-1: Ball
2-1: Ball
3-1: Foul Ball, location: 2F
3-2: Fly out, F7 (Flyball, 78D)
Batting: RHB Félix Gonzáles 0-0: Ball
1-0: Ball
2-0: Foul Ball, location: 2F
2-1: Swinging Strike
2-2: Ball
John Frost steals 2nd base
3-2: Foul Ball, location: 2F
3-2: Strikes out looking
Top of the 1st over - 0 run(s), 0 hit(s), 0 error(s), 1 left on base; Eau Claire 0 - Colorado 0
BOTTOM OF THE 1ST
Colorado Commanders batting - Pitching for Eau Claire Esquires : LHP Rob Lucas
Pitching: LHP Rob Lucas
Batting: RHB Arnold Harmon 0-0: Foul Ball, location: 2F
0-1: DOUBLE (Line Drive, 5L)
Batting: RHB Gerald Johnson 0-0: Called Strike
0-1: Swinging Strike
0-2: Strikes out swinging
Batting: RHB Earnest Turner 0-0: Fly out, F5 (Popup, 15)
Batting: RHB Ray Ervin 0-0: Fly out, F8 (Flyball, 89M)
Bottom of the 1st over - 0 run(s), 1 hit(s), 0 error(s), 1 left on base; Eau Claire 0 - Colorado 0
TOP OF THE 2ND
Eau Claire Esquires batting - Pitching for Colorado Commanders : RHP Manuel Zarate
Batting: RHB Tony Vázquez 0-0: Called Strike
0-1: Foul Ball, location: 2F
0-2: Strikes out swinging
Batting: RHB Carlos Rea 0-0: Called Strike
0-1: Ground out 4-3 (Groundball, 4M)
Batting: RHB José Ruíz 0-0: Called Strike
0-1: Ball
1-1: Swinging Strike
1-2: Strikes out swinging
Top of the 2nd over - 0 run(s), 0 hit(s), 0 error(s), 0 left on base; Eau Claire 0 - Colorado 0
BOTTOM OF THE 2ND
Colorado Commanders batting - Pitching for Eau Claire Esquires : LHP Rob Lucas
Batting: RHB José Aranda 0-0: SINGLE (Line Drive, 3)
Batting: SHB Theodore Cook 0-0: Called Strike
0-1: Called Strike
0-2: Ball
1-2: Ball
2-2: Foul Ball, location: 2F
2-2: Strikes out swinging
Batting: RHB Samuel Pasolini 0-0: Ball
1-0: Ball
2-0: Ball
3-0: Called Strike
3-1: Ground out 4-3 (Groundball, 4M)
José Aranda to second
Batting: LHB Michael Barrett 0-0: Called Strike
0-1: Hit by Pitch
Batting: RHB Júlio Torres 0-0: Ball
1-0: Fly out, F8 (Flyball, 8LM)
Bottom of the 2nd over - 0 run(s), 1 hit(s), 0 error(s), 2 left on base; Eau Claire 0 - Colorado 0
TOP OF THE 3RD
Eau Claire Esquires batting - Pitching for Colorado Commanders : RHP Manuel Zarate
Batting: RHB Esteban Lara 0-0: Ball
1-0: Ball
2-0: Called Strike
2-1: Bunt for hit - play at first, batter OUT! 6-3
Batting: LHB Jorge Fernández 0-0: DOUBLE (Line Drive, 9D)
Batting: LHB John Frost 0-0: Ball
1-0: Ball
2-0: Ball
3-0: Foul Ball, location: 2F
3-1: Foul Ball, location: 2F
3-2: Foul Ball, location: 2F
3-2: Strikes out looking
Batting: LHB Manny Salazar 0-0: Ground out 4-3 (Groundball, 4)
Top of the 3rd over - 0 run(s), 1 hit(s), 0 error(s), 1 left on base; Eau Claire 0 - Colorado 0
BOTTOM OF THE 3RD
Colorado Commanders batting - Pitching for Eau Claire Esquires : LHP Rob Lucas
Batting: RHB Arnold Harmon 0-0: Bunted foul
0-1: Fly out, F5 (Line Drive, 5D)
Batting: RHB Gerald Johnson 0-0: Called Strike
0-1: Ball
1-1: Swinging Strike
1-2: Ball
2-2: Ball
3-2: Strikes out swinging
Batting: RHB Earnest Turner 0-0: Called Strike
0-1: Ball
1-1: Ball
2-1: Foul Ball, location: 2F
2-2: Foul Ball, location: 2F
2-2: Foul Ball, location: 2F
2-2: Strikes out swinging
Bottom of the 3rd over - 0 run(s), 0 hit(s), 0 error(s), 0 left on base; Eau Claire 0 - Colorado 0
TOP OF THE 4TH
Eau Claire Esquires batting - Pitching for Colorado Commanders : RHP Manuel Zarate
Batting: LHB Edwin Ryan 0-0: SINGLE (Line Drive, 34)
Batting: RHB Félix Gonzáles 0-0: Ball
1-0: Ball
2-0: SINGLE (Groundball, 34S)
Edwin Ryan to second
Runner from 2nd tries for 3rd, SAFE, throw made to third
Batting: RHB Tony Vázquez 0-0: Swinging Strike
0-1: Ball
1-1: Ball
2-1: Ball
3-1: Base on Balls
Félix Gonzáles to second
Batting: RHB Carlos Rea 0-0: Ball
1-0: Foul Ball, location: 2F
1-1: Ball
2-1: Foul Ball, location: 2F
2-2: DOUBLE (Line Drive, 89XD)
Edwin Ryan scores
Félix Gonzáles scores
Tony Vázquez to third
Batting: RHB José Ruíz 0-0: Foul Ball, location: 2F
0-1: Ball
1-1: Swinging Strike
1-2: Foul Ball, location: 2F
1-2: Ball
2-2: Strikes out swinging
Batting: RHB Esteban Lara 0-0: Called Strike
0-1: Called Strike
0-2: Ball
1-2: Foul Ball, location: 2F
1-2: Foul Ball, location: 2F
1-2: Ball
2-2: Foul Ball, location: 2F
2-2: Foul Ball, location: 2F
2-2: Foul Ball, location: 2F
2-2: Foul Ball, location: 2F
2-2: Ball
3-2: Base on Balls
Batting: LHB Jorge Fernández 0-0: Swinging Strike
0-1: Ball
1-1: Foul Ball, location: 2F
1-2: Strikes out looking
Batting: LHB John Frost 0-0: Ball
1-0: Ball
2-0: Called Strike
2-1: Called Strike
2-2: Ball
3-2: Foul Ball, location: 2F
3-2: Base on Balls
Tony Vázquez scores
Carlos Rea to third
Esteban Lara to second
Batting: LHB Manny Salazar 0-0: Swinging Strike
0-1: Foul Ball, location: 2F
0-2: Ball
1-2: Strikes out swinging
Top of the 4th over - 3 run(s), 3 hit(s), 0 error(s), 3 left on base; Eau Claire 3 - Colorado 0
BOTTOM OF THE 4TH
Colorado Commanders batting - Pitching for Eau Claire Esquires : LHP Rob Lucas
Batting: RHB Ray Ervin 0-0: Swinging Strike
0-1: Foul Ball, location: 2F
0-2: DOUBLE (Line Drive, 5D)
Batting: RHB José Aranda 0-0: Fly out, F7 (Flyball, 78S)
Batting: SHB Theodore Cook 0-0: Ball
1-0: Foul Ball, location: 2F
1-1: Foul Ball, location: 2F
1-2: Ball
2-2: Strikes out swinging
Batting: RHB Samuel Pasolini 0-0: Ball
1-0: Ball
2-0: Called Strike
2-1: Ball
3-1: Ground out 1-3 (Groundball, 13S)
Bottom of the 4th over - 0 run(s), 1 hit(s), 0 error(s), 1 left on base; Eau Claire 3 - Colorado 0
TOP OF THE 5TH
Eau Claire Esquires batting - Pitching for Colorado Commanders : RHP Manuel Zarate
Batting: LHB Edwin Ryan 0-0: Ball
1-0: Foul Ball, location: 2F
1-1: Ball
2-1: SINGLE (Groundball, 34D)
Pitching: RHP Kel Rosewarne
Batting: RHB Félix Gonzáles 0-0: Called Strike
0-1: Foul Ball, location: 2F
0-2: Grounds into double play, 6-4-3 (Groundball, 6)
Batting: RHB Tony Vázquez 0-0: Ball
1-0: Called Strike
1-1: Ball
2-1: Ball
3-1: Base on Balls
Batting: RHB Carlos Rea 0-0: Ball
1-0: Foul Ball, location: 2F
Pickoff Throw to First - Out!
Top of the 5th over - 0 run(s), 1 hit(s), 0 error(s), 0 left on base; Eau Claire 3 - Colorado 0
BOTTOM OF THE 5TH
Colorado Commanders batting - Pitching for Eau Claire Esquires : LHP Rob Lucas
Batting: LHB Michael Barrett 0-0: Ball
1-0: Called Strike
1-1: Swinging Strike
1-2: Foul Ball, location: 2F
1-2: Strikes out swinging
Batting: RHB Júlio Torres 0-0: Ball
1-0: Ball
2-0: Swinging Strike
2-1: Foul Ball, location: 2F
2-2: Strikes out swinging
Batting: RHB Arnold Harmon 0-0: Ball
1-0: Called Strike
1-1: Called Strike
1-2: Strikes out swinging
Bottom of the 5th over - 0 run(s), 0 hit(s), 0 error(s), 0 left on base; Eau Claire 3 - Colorado 0
TOP OF THE 6TH
Eau Claire Esquires batting - Pitching for Colorado Commanders : RHP Kel Rosewarne
Batting: RHB Carlos Rea 0-0: Ball
1-0: Called Strike
1-1: Swinging Strike
1-2: Strikes out looking
Batting: RHB José Ruíz 0-0: Ball
1-0: Ball
2-0: Ball
3-0: Base on Balls
Batting: RHB Esteban Lara 0-0: Called Strike
0-1: Called Strike
0-2: Ball
1-2: Ball
2-2: Ball
3-2: Fly out, F2 (Popup, 3SF)
Batting: LHB Jorge Fernández 0-0: Ball
1-0: SINGLE (Groundball, 4MD)
José Ruíz to second
Batting: LHB John Frost 0-0: Ball
1-0: Foul Ball, location: 2F
1-1: Foul Ball, location: 2F
1-2: Ball
2-2: Ball
3-2: Fly out, F3 (Line Drive, 3)
Top of the 6th over - 0 run(s), 1 hit(s), 0 error(s), 2 left on base; Eau Claire 3 - Colorado 0
BOTTOM OF THE 6TH
Colorado Commanders batting - Pitching for Eau Claire Esquires : LHP Rob Lucas
Batting: RHB Gerald Johnson 0-0: Fly out, F9 (Flyball, 9S)
Batting: RHB Earnest Turner 0-0: Called Strike
0-1: Called Strike
0-2: Strikes out looking
Batting: RHB Ray Ervin 0-0: Called Strike
0-1: Ball
1-1: Ball
2-1: Ground out 5-3 (Groundball, 5)
Bottom of the 6th over - 0 run(s), 0 hit(s), 0 error(s), 0 left on base; Eau Claire 3 - Colorado 0
TOP OF THE 7TH
Eau Claire Esquires batting - Pitching for Colorado Commanders : RHP Kel Rosewarne
Pitching: LHP António Ramos
Batting: LHB Manny Salazar 0-0: Ball
1-0: Foul Ball, location: 2F
1-1: Ball
2-1: Foul Ball, location: 2F
2-2: Ball
3-2: Foul Ball, location: 2F
3-2: Ground out 5-3 (Groundball, 56)
Batting: LHB Edwin Ryan 0-0: Ball
1-0: Ball
2-0: DOUBLE (Groundball, 3L)
Batting: RHB Félix Gonzáles 0-0: Ball
1-0: Fly out, F4 (Popup, 4)
Batting: RHB Tony Vázquez 0-0: Called Strike
0-1: Ball
1-1: Ball
2-1: Foul Ball, location: 2F
2-2: Ball
3-2: Foul Ball, location: 2F
3-2: Base on Balls
Batting: RHB Carlos Rea 0-0: Ball
1-0: Foul Ball, location: 2F
1-1: Swinging Strike
1-2: Strikes out swinging
Top of the 7th over - 0 run(s), 1 hit(s), 0 error(s), 2 left on base; Eau Claire 3 - Colorado 0
BOTTOM OF THE 7TH
Colorado Commanders batting - Pitching for Eau Claire Esquires : LHP Rob Lucas
Batting: RHB José Aranda 0-0: Called Strike
0-1: Fly out, F5 (Popup, 15)
Batting: SHB Theodore Cook 0-0: Called Strike
0-1: Ball
1-1: Called Strike
1-2: Ball
2-2: Ground out 1-3 (Groundball, 23)
Batting: RHB Samuel Pasolini 0-0: Swinging Strike
0-1: Ball
1-1: Foul Ball, location: 2F
1-2: Ball
2-2: Foul Ball, location: 2F
2-2: Ball
3-2: Foul Ball, location: 2F
3-2: DOUBLE (Line Drive, 6M)
Pitching: LHP Charlie Conner
Batting: LHB Michael Barrett 0-0: Hit by Pitch
Batting: RHB Júlio Torres 0-0: Ball
1-0: Called Strike
1-1: Ball
2-1: Ball
3-1: Foul Ball, location: 2F
3-2: Strikes out swinging
Bottom of the 7th over - 0 run(s), 1 hit(s), 0 error(s), 2 left on base; Eau Claire 3 - Colorado 0
TOP OF THE 8TH
Eau Claire Esquires batting - Pitching for Colorado Commanders : LHP António Ramos
Batting: RHB José Ruíz 0-0: Ball
1-0: Ball
2-0: Fly out, F6 (Popup, 6D)
Batting: RHB Esteban Lara 0-0: Ball
1-0: Called Strike
1-1: Called Strike
1-2: Foul Ball, location: 2F
1-2: Ball
2-2: Foul Ball, location: 2F
2-2: Strikes out swinging
Batting: LHB Jorge Fernández 0-0: Called Strike
0-1: Fly out, F9 (Flyball, 89M)
Top of the 8th over - 0 run(s), 0 hit(s), 0 error(s), 0 left on base; Eau Claire 3 - Colorado 0
BOTTOM OF THE 8TH
Colorado Commanders batting - Pitching for Eau Claire Esquires : LHP Charlie Conner
Batting: RHB Arnold Harmon 0-0: Called Strike
0-1: Ball
1-1: Foul Ball, location: 2F
1-2: Ball
2-2: Strikes out looking
Batting: RHB Gerald Johnson 0-0: Ball
1-0: Ball
2-0: Called Strike
2-1: Called Strike
2-2: Strikes out swinging
Batting: RHB Earnest Turner 0-0: Called Strike
0-1: Foul Ball, location: 2F
0-2: Ball
1-2: Fly out, F8 (Line Drive, 8RM)
Bottom of the 8th over - 0 run(s), 0 hit(s), 0 error(s), 0 left on base; Eau Claire 3 - Colorado 0
TOP OF THE 9TH
Eau Claire Esquires batting - Pitching for Colorado Commanders : LHP António Ramos
Batting: LHB John Frost 0-0: Swinging Strike
0-1: Foul Ball, location: 2F
0-2: Ball
1-2: Foul Ball, location: 2F
1-2: Strikes out swinging
Batting: LHB Manny Salazar 0-0: Foul Ball, location: 2F
0-1: Foul Ball, location: 2F
0-2: Strikes out swinging
Batting: LHB Edwin Ryan 0-0: Ball
1-0: Ground out 3-1 (Groundball, 34)
Top of the 9th over - 0 run(s), 0 hit(s), 0 error(s), 0 left on base; Eau Claire 3 - Colorado 0
BOTTOM OF THE 9TH
Colorado Commanders batting - Pitching for Eau Claire Esquires : LHP Charlie Conner
Pitching: RHP Gene McNeil
Now in LF: Pancho Torres
Batting: RHB Ray Ervin 0-0: Called Strike
0-1: Swinging Strike
0-2: Ball
1-2: Strikes out swinging
Batting: RHB José Aranda 0-0: Ball
1-0: Swinging Strike
1-1: Swinging Strike
1-2: Foul Ball, location: 2F
1-2: Foul Ball, location: 2F
1-2: Strikes out swinging
Batting: SHB Theodore Cook 0-0: SOLO HOME RUN (Flyball, 89XD), Distance : 400 ft
Batting: RHB Samuel Pasolini 0-0: Foul Ball, location: 2F
0-1: Foul Ball, location: 2F
0-2: Ball
1-2: Strikes out swinging
Bottom of the 9th over - 1 run(s), 1 hit(s), 0 error(s), 0 left on base; Eau Claire 3 - Colorado 1
This league is powered by Out of the Park Baseball, the baseball management simulation game for PC, Mac and Linux
Saturday, April 9th, 2016 - OOTP Baseball 16.8 Build 38